 Dungeon Crawl Stone Soup version 0.23-a0-143-g1adec7bb76 (webtiles) character file.

4279 PikkenKukken the Merchant of Misery (level 10, -9/84 HPs)
             Began as a Black Draconian Necromancer on Sept 6, 2018.
             Was a Believer of Kikubaaqudgha.
             Killed by divine providence
             ... invoked by an orc priest
              (11 damage)
             ... on level 9 of the Dungeon.
             The game lasted 00:27:05 (9428 turns).

PikkenKukken the Merchant of Misery (DrNe)          Turns: 9428, Time: 00:27:06

Health: -9/84      AC:  8    Str: 14    XL:     10   Next: 10%
Magic:  18/18      EV: 14    Int: 19    God:    Kikubaaqudgha [**....]
Gold:   373        SH:  0    Dex: 11    Spells: 9/20 levels left

rFire    . . .     SeeInvis .   I - +0 lajatang
rCold    . . .     Gourm    .   (shield currently unavailable)
rNeg     . . .     Faith    .   (armour unavailable)
rPois    +         Spirit   .   (helmet restricted)
rElec    +         Reflect  .   (no cloak)
rCorr    .         Harm     .   (no gloves)
MR       .....     Clarity  +   x - +0 pair of boots
Stlth    ++........             (no amulet)
HPRegen  0.24/turn              z - ring of poison resistance
MPRegen  0.16/turn              a - +3 ring of strength

@: flying
A: breathe lightning, unfitting armour, big wings, beak, claws 1, clarity,
electricity resistance, cold-blooded, AC +7
a: Breathe Lightning, Stop Flying, Receive Corpses, Renounce Religion


You were on level 9 of the Dungeon.
You worshipped Kikubaaqudgha.
Kikubaaqudgha was pleased with you.
You were not hungry.

You visited 2 branches of the dungeon, and saw 10 of its levels.
You also visited: Sewer.

You collected 373 gold pieces.

Inventory:

Hand Weapons
 c - a +1 hand axe of chopping
 l - a +1 spear of venom
 I - a +0 lajatang (weapon)
Armour
 x - a +0 pair of boots (worn)
 E - a +0 troll leather armour
Jewellery
 a - a +3 ring of strength (right claw)
 o - an uncursed ring of see invisible
 z - a ring of poison resistance (left claw)
 C - an uncursed ring of protection from magic
 F - an uncursed ring of teleportation
Wands
 g - a wand of acid (5)
 i - a wand of scattershot (3)
 w - a wand of random effects (13)
 A - a wand of polymorph (20)
 H - a wand of flame (40)
Scrolls
 k - 2 scrolls of enchant armour
 m - 4 scrolls of magic mapping
 n - 2 scrolls of remove curse
 s - 4 scrolls of identify
 t - 3 scrolls of teleportation
 u - 2 scrolls of blinking
 y - a scroll of amnesia
Potions
 d - 4 potions of curing
 e - 2 potions of magic
 f - 3 potions of brilliance
 h - 2 potions of agility
 j - 3 potions of mutation
 p - 2 potions of ambrosia
 q - 6 potions of might
 r - 3 potions of heal wounds
 v - a potion of berserk rage
 B - 2 potions of invisibility
 D - 2 potions of degeneration {unknown}
 J - a potion of haste
Comestibles
 b - 18 rations


   Skills:
 + Level 6.4 Fighting
 - Level 3.2(4.4) Axes
 - Level 4.6(5.2) Polearms
 + Level 0.9(3.0) Staves
 + Level 5.9 Dodging
 - Level 1.7 Stealth
 + Level 5.8 Spellcasting
 + Level 4.7 Charms
 + Level 7.3 Necromancy


You had 9 spell levels left.
You knew the following spells:

 Your Spells              Type           Power        Failure   Level  Hunger
a - Pain                  Necr           ####         1%          1    None
b - Vampiric Draining     Necr           ####......   1%          3    ##.....
c - Regeneration          Chrm/Necr      ####......   2%          3    ##.....
d - Animate Dead          Necr           N/A          5%          4    ####...

Your spell library contained the following spells:

 Spells                   Type           Power        Failure   Level  Hunger
 Animate Skeleton         Necr           N/A          1%          1    None
 Corpse Rot               Necr           N/A          1%          2    None
 Sublimation of Blood     Necr           ####......   1%          2    None
 Flame Tongue             Conj/Fire      #....        12%         1    None
 Freeze                   Ice            #...         12%         1    None
 Summon Small Mammal      Summ           #...         12%         1    None
 Ozocubu's Armour         Chrm/Ice       ##......     13%         3    ##.....
 Call Imp                 Summ           #.......     17%         2    None
 Throw Flame              Conj/Fire      #.....       17%         2    None
 Throw Frost              Conj/Ice       #.....       17%         2    None
 Call Canine Familiar     Summ           #.......     34%         3    ##.....
 Conjure Flame            Conj/Fire      #.......     34%         3    ##.....
 Inner Flame              Hex/Fire       #.......     34%         3    ##.....
 Summon Guardian Golem    Hex/Summ       #.......     34%         3    ##.....
 Sticky Flame             Conj/Fire      #.......     75%         4    ####...
 Summon Ice Beast         Ice/Summ       #.......     75%         4    ####...
 Summon Lightning Spire   Summ/Air       #.......     75%         4    ####...
 Throw Icicle             Conj/Ice       #.......     75%         4    ####...
 Fireball                 Conj/Fire      #.........   97%         5    #####..


Dungeon Overview and Level Annotations

Branches:
Dungeon (9/15)             Temple (1/1) D:7
   Lair: D:8-11         Orc: D:9-12

Altars:
Ashenzari
Cheibriados
Dithmenos
Elyvilon
Fedhas
Gozag
Hepliaklqana
Kikubaaqudgha
Makhleb
Nemelex Xobeh
Okawaru
Qazlal
Ru
Sif Muna
Trog
Vehumet
Wu Jian
Xom
Yredelemnul
Zin
The Shining One

Shops:
D:6 [


Innate Abilities, Weirdness & Mutations

You can breathe wild blasts of lightning.
Your glossy black scales are hard. (AC +7)
You cannot fit into any form of body armour.
You are resistant to electric shocks. (rElec)
You are cold-blooded and may be slowed by cold attacks.
Your large and strong wings let you fly indefinitely.
You have a beak for a mouth.
You have sharp fingernails.
You possess an exceptional clarity of mind.


Message History

You hit the yak.
You kill the yak!
Kikubaaqudgha accepts your kill. The orc priest closely misses you.
You barely miss the orc priest.
The orc priest mumbles some strange prayers to Beogh against you.
You struggle to resist.
Unknown command.
You hit the orc priest.
You tail-slap the orc priest, but do no damage.
The orc priest is lightly wounded.
The orc priest hits you with a club.
* * * LOW HITPOINT WARNING * * *
You barely miss the orc priest. You peck the orc priest.
You tail-slap the orc priest, but do no damage.
The orc priest is moderately wounded.
The orc priest mumbles some strange prayers to Beogh against you.
Beogh smites you!
You die...
Kikubaaqudgha rasps: "You have failed me!
Welcome... death!"

.8... #..Z# #.
##Z#.# #.#
#YYoo#### ..#
#YYZ....# #.#
#YW...... #.#
#y#####.# #.# #o#
#######.####@#####
##
.................#
#######<
######.####.###$#
..)..... #.# #.#
#. #######. #.#
#<###.### #. #.#
#.#.....#########.
#.# #.#.#
#.#......... #.#
#...# #...########
########.#
#...###.###


You could see 5 yaks, a hungry ghost, a killer bee, an orc priest, an orc wizard
and a goblin skeleton.

Vanquished Creatures
  Erica (D:8)
  A troll (D:9)
  A hornet (D:9)
  A yak (D:9)
  A hungry ghost (D:9)
  Duvessa (D:7)
  2 orc warriors
  2 sky beasts
  A black bear (D:6)
  A necrophage (D:5)
  2 ogres (D:4)
  2 centaurs
  3 big kobolds
  5 bullfrogs
  Dowan (D:7)
  5 howler monkeys
  4 crimson imps
  A bullfrog zombie (D:7)
  8 orc priests
  2 jellies (D:6)
  A centaur skeleton (D:4)
  2 hounds
  A gnoll shaman (D:6)
  Terence (D:3)
  An iguana (D:4)
  2 worker ants
  3 orc wizards
  A killer bee zombie (D:9)
  2 ogre zombies (D:9)
  A hound skeleton (D:6)
  A hound zombie (D:8)
  A worker ant zombie (D:7)
  11 adders
  7 gnolls
  A shadow imp (D:9)
  3 oozes
  An adder zombie (D:8)
  An adder skeleton (D:6)
  2 worms
  6 dart slugs
  7 leopard geckos
  23 orcs
  8 giant cockroaches
  7 goblins
  10 hobgoblins
  3 quokkas
  4 ball pythons
  10 bats
  7 frilled lizards
  A goblin zombie (D:9)
  2 hobgoblin zombies (D:9)
  20 kobolds
  An orc skeleton (D:9)
  3 orc zombies (D:9)
  11 rats
211 creatures vanquished.

Notes
Turn   | Place    | Note
-------+----------+-------------------------------------------
     0 | D:1      | PikkenKukken the Draconian Necromancer began the quest for
                  | the Orb.
     0 | D:1      | Reached XP level 1. HP: 14/14 MP: 3/3
    10 | D:1      | Noticed a minotaur skeleton
    14 | D:1      | Noticed a minotaur skeleton
    18 | D:1      | Noticed a minotaur skeleton
    20 | D:1      | Noticed a minotaur skeleton
   290 | D:1      | Reached XP level 2. HP: 22/22 MP: 5/5
   541 | D:1      | Reached skill level 1 in Fighting
  1092 | D:2      | Reached XP level 3. HP: 28/28 MP: 6/6
  1185 | D:2      | Found a white marble altar of Elyvilon.
  1347 | D:2      | Reached skill level 1 in Axes
  1565 | D:2      | Learned a level 3 spell: Vampiric Draining
  1691 | D:2      | Found a shimmering altar of Xom.
  1892 | D:3      | Noticed Terence
  1913 | D:3      | Killed Terence
  1913 | D:3      | Reached XP level 4. HP: 7/35 MP: 1/7
  2278 | D:3      | Learned a level 3 spell: Regeneration
  2418 | D:3      | Reached XP level 5. HP: 14/41 MP: 2/9
  2717 | D:3      | HP: 2/41 [orc priest/divine providence (12)]
  3035 | D:3      | Noticed a centaur
  3069 | D:3      | Gained mutation: You possess an exceptional clarity of
                  | mind. [potion of mutation]
  3069 | D:3      | Gained mutation: Your large and strong wings let you fly
                  | indefinitely. [potion of mutation]
  3069 | D:3      | Gained mutation: You have a beak for a mouth. [potion of
                  | mutation]
  3069 | D:3      | Gained mutation: You have sharp fingernails. [potion of
                  | mutation]
  3272 | D:3      | Killed a centaur
  3272 | D:3      | Reached XP level 6. HP: 28/50 MP: 6/10
  3681 | D:4      | Reached skill level 5 in Necromancy
  3730 | D:4      | Reached skill level 1 in Charms
  3730 | D:4      | Your scales start taking on a glossy black colour.
  3730 | D:4      | Reached XP level 7. HP: 57/57 MP: 10/12
  3730 | D:4      | Gained mutation: You are resistant to electric shocks.
                  | (rElec) [Black Draconian growth]
  4384 | D:5      | Entered Level 5 of the Dungeon
  4798 | D:5      | Found a glowing drain.
  4825 | Sewer    | Entered a sewer
  5142 | D:5      | Reached skill level 1 in Polearms
  5378 | D:6      | Reached XP level 8. HP: 54/64 MP: 12/14
  5822 | D:6      | Found a sparkling altar of Nemelex Xobeh.
  5960 | D:6      | Learned a level 4 spell: Animate Dead
  5990 | D:6      | Reached skill level 6 in Necromancy
  6195 | D:6      | Found Muyshred's Antique Armour Shoppe.
  6547 | D:7      | Found a staircase to the Ecumenical Temple.
  6561 | D:7      | Reached skill level 5 in Fighting
  6569 | Temple   | Entered the Ecumenical Temple
  6611 | Temple   | Became a worshipper of Kikubaaqudgha
  6987 | D:7      | Reached XP level 9. HP: 55/74 MP: 16/16
  7087 | D:7      | Found a hazy altar of Hepliaklqana.
  7087 | D:7      | Found a radiant altar of Vehumet.
  7088 | D:7      | Found a burning altar of Makhleb.
  7301 | D:7      | Noticed Dowan
  7303 | D:7      | Noticed Duvessa
  7309 | D:7      | Killed Dowan
  7323 | D:7      | Killed Duvessa
  7568 | D:8      | Reached skill level 5 in Spellcasting
  7589 | D:8      | Reached skill level 5 in Dodging
  7854 | D:8      | Reached * piety under Kikubaaqudgha
  7854 | D:8      | Identified Kikubaaqudgha's Collected Works on Black Rites
                  | (Kikubaaqudgha gifted it to you on level 8 of the Dungeon)
  7854 | D:8      | Received a gift from Kikubaaqudgha
  8022 | D:8      | Noticed Erica
  8036 | D:8      | Killed Erica
  8454 | D:9      | Reached skill level 7 in Necromancy
  8639 | D:9      | Noticed a troll
  8650 | D:9      | Killed a troll
  8981 | D:9      | Reached XP level 10. HP: 62/83 MP: 8/18
  9070 | D:9      | HP: 3/83 [hornet (17)]
  9395 | D:9      | Reached ** piety under Kikubaaqudgha
  9424 | D:9      | HP: 4/84 [yak (4)]
  9428 | D:9      | Killed from afar by an orc priest

Vault maps used:
D:1:      shiori_arrival_whats_in_store_for_you
D:2:      nicolae_overflow_crystal_walls, xom_teletrap_fun,
          minmay_misc_feat_tower, kennysheep_generic_room_13
D:3:      minmay_divided_ellipse, uniq_terence
D:4:      first_ration
D:5:      gup_sewer_entry_pipe, minmay_misc_feat_enclosed, minivault_25
D:6:      kennysheep_mini, serial_shops, nicolae_shop_trees
D:7:      gammafunk_temple_overflow_claw, temple_hall, uniq_duvessa
D:8:      uniq_erica
D:9:      overflow_temple_1_default, zombieorc2_lemuel, serial_shops,
          nicolae_shop_behind_doors, blue_anna_alchemist
Temple:   eino_wide_crystal_templ
Sewer:    kennysheep_pipe_town

Skill      XL: |  1  2  3  4  5  6  7  8  9 |
---------------+----------------------------+-----
Dodging        | 2 3 4 5 |  5.9
Fighting       | 1 2 3 4 5 6 |  6.4
Axes           | 1 2 3 |  3.2
Spellcasting   | 3 4 5 |  5.8
Necromancy     | 5 6 7 |  7.3
Charms         | 1 2 3 4 |  4.7
Polearms       | 1 3 4 |  4.6
Staves         | |  0.9
Stealth        | |  1.7

Action                   |  1- 3 |  4- 6 |  7- 9 | 10-12 || total
-------------------------+-------+-------+-------+-------++-------
Melee: Unarmed           |    14 |       |       |       ||    14
       Hand axe          |   105 |   162 |       |       ||   267
       Tailslap          |    10 |    14 |    54 |     7 ||    85
       Peck              |       |     5 |    74 |    15 ||    94
       Spear             |       |       |   590 |     6 ||   596
       Lajatang          |       |       |       |    47 ||    47
 Cast: Pain              |     6 |     5 |       |       ||    11
       Vampiric Draining |     4 |    13 |    14 |     4 ||    35
       Regeneration      |       |       |     9 |     1 ||    10
       Animate Dead      |       |       |     4 |       ||     4
 Abil: Fly               |       |     1 |       |       ||     1
  Use: Scroll            |     6 |     1 |    13 |       ||    20
       Potion            |       |     6 |     3 |     1 ||    10
 Stab: Sleeping          |       |       |     7 |       ||     7
       Distracted        |       |       |     1 |       ||     1
  Eat: Chunk             |     4 |     7 |    16 |     2 ||    29
       Ration            |       |       |     1 |       ||     1
Armor: Skin              |    37 |    41 |   129 |    11 ||   218
Dodge: Dodged            |    91 |   125 |   320 |    38 ||   574

Table legend:
 A = Non-vault XP
 B = Vault XP
 C = Vault XP percentage of total XP
 D = Non-vault monster count
 E = Vault monster count
 F = Vault count percentage of total count
                 A         B        C        D         E       F
            +---------+---------+-------+---------+---------+-------
      Total |    4424 |    1689 |  27.6 |     152 |      59 |  28.0
            +---------+---------+-------+---------+---------+-------
        D:1 |      39 |       0 |   0.0 |      22 |       0 |   0.0
        D:2 |      27 |       7 |  20.6 |      13 |       1 |   7.1
        D:3 |     184 |     235 |  56.1 |      32 |      14 |  30.4
        D:4 |     373 |       0 |   0.0 |       5 |       0 |   0.0
        D:5 |     262 |      19 |   6.8 |       4 |       7 |  63.6
        D:6 |     948 |       0 |   0.0 |      27 |       0 |   0.0
        D:7 |     613 |     208 |  25.3 |      16 |       2 |  11.1
        D:8 |     402 |     907 |  69.3 |      14 |       1 |   6.7
        D:9 |    1576 |     158 |   9.1 |      19 |      10 |  34.5
      Sewer |       0 |     155 | 100.0 |       0 |      24 | 100.0
            +---------+---------+-------+---------+---------+-------
